 Dungeon Crawl Stone Soup version 0.26.0-10-g1f06aea511 (webtiles) character file.

Game seed: 7174545731101840292

74603 Amaterasu the Devastator (level 15, -4/88 HPs)
             Began as a Deep Elf Conjurer on Jan 25, 2021.
             Was a High Priest of Vehumet.
             Slain by a minotaur
             ... wielding a +1 scythe of venom
              (15 damage)
             ... on level 13 of the Dungeon.
             The game lasted 01:38:20 (26700 turns).

Amaterasu the Devastator (Deep Elf Conjurer)       Turns: 26700, Time: 01:38:24

Health: -4/88      AC:  8    Str:  6    XL:     15   Next: 7%
Magic:  18/35      EV: 15    Int: 30    God:    Vehumet [*****.]
Gold:   1464       SH:  0    Dex: 13    Spells: 5/42 levels left

rFire    + + +     SeeInvis +   q - staff of conjuration
rCold    . . .     Faith    .   (no shield)
rNeg     . . .     Spirit   .   M - +0 troll leather armour
rPois    .         Reflect  .   l - +0 helmet
rElec    .         Harm     .   k - scarf {rC+ rF+}
rCorr    .         Rampage  .   X - +1 pair of gloves
Will     +....                  L - +0 pair of boots of Xicwefuf {rF++ rC- Str+2}
Stlth    ++........             y - amulet of regeneration
HPRegen  1.04/turn              g - ring of wizardry
MPRegen  0.24/turn              z - ring of see invisible

@: lethally poisoned (-4 -> -4)
A: no striking features
a: Renounce Religion


You were on level 13 of the Dungeon.
You worshipped Vehumet.
Vehumet was extremely pleased with you.
You visited 3 branches of the dungeon, and saw 22 of its levels.
You also visited: Sewer, Gauntlet and Volcano.

You collected 1464 gold pieces.

Inventory:

Armour
 k - a scarf of resistance (worn)
 l - a +0 helmet (worn)
 L - the +0 pair of boots of Xicwefuf (worn) {rF++ rC- Str+2}
   (You found it in a Gauntlet)

   It affects your strength (+2).
   It greatly protects you from fire.
   It makes you vulnerable to cold.
 M - a +0 troll leather armour (worn)
 X - a +1 pair of gloves (worn)
Magical Staves
 q - an uncursed staff of conjuration (weapon)
 O - an uncursed staff of cold
 P - an uncursed staff of fire
 W - an uncursed staff of earth
Jewellery
 g - a ring of wizardry (left hand)
 n - an uncursed ring of positive energy
 p - an uncursed ring of positive energy
 r - an uncursed ring of protection from fire
 y - an amulet of regeneration (around neck)
 z - a ring of see invisible (right hand)
 B - an uncursed amulet of the acrobat
 D - an uncursed ring of resist corrosion
 N - an uncursed ring of ice
 Q - an uncursed ring of willpower
Wands
 w - a wand of enslavement (21)
 A - a wand of paralysis (4)
 F - a wand of disintegration (12)
 I - a wand of iceblast (32)
 K - a wand of digging (9)
Scrolls
 a - a scroll of fog
 c - 2 scrolls of blinking
 d - 7 scrolls of remove curse
 f - 13 scrolls of teleportation
 o - a scroll of enchant weapon
 s - 4 scrolls of enchant armour
 t - 3 scrolls of magic mapping
 v - 2 scrolls of fear
 C - a scroll of amnesia
 R - 2 scrolls of immolation
 V - 2 scrolls of identify
Potions
 b - 7 potions of curing
 e - 4 potions of mutation
 h - 3 potions of haste
 i - 5 potions of lignification
 j - 2 potions of flight
 m - 3 potions of cancellation
 u - 4 potions of might
 x - 3 potions of attraction
 E - 7 potions of brilliance
 G - a potion of heal wounds
 J - 3 potions of ambrosia
 U - 4 potions of berserk rage
Miscellaneous
 H - a tin of tremorstones (2/2)
 S - a box of beasts
 T - a phial of floods


   Skills:
 * Level 7.8 Fighting
 - Level 3.0 Staves
 - Level 3.0 Armour
 * Level 7.0 Dodging
 - Level 2.4 Stealth
 * Level 14.4 Spellcasting
 * Level 17.2 Conjurations
 * Level 8.4 Fire Magic
 * Level 5.5 Ice Magic
 * Level 7.2 Air Magic
 * Level 7.7 Earth Magic
 - Level 2.0 Poison Magic
 - Level 5.0 Evocations


You had 5 spell levels left.
You knew the following spells:

 Your Spells              Type           Power        Failure   Level
a - Iskenderun's Battles  Conj           100%         1%          5
b - Searing Ray           Conj           100%         0%          2
c - Iron Shot             Conj/Erth      49%          1%          6
d - Iskenderun's Mystic   Conj/Tloc      83%          1%          4
e - Foxfire               Conj/Fire      100%         0%          1
f - Mephitic Cloud        Conj/Pois/Air  84%          1%          3
h - Bolt of Magma         Conj/Fire/Erth 46%          1%          5
i - Fireball              Conj/Fire      49%          1%          5
j - Freezing Cloud        Conj/Ice/Air   44%          1%          6

Your spell library contained the following spells:

 Spells                   Type           Power        Failure   Level
 Lightning Bolt           Conj/Air       48%          1%          5
 Magic Dart               Conj           100%         0%          1
 Apportation              Tloc           42%          1%          1
 Poisonous Vapours        Pois/Air       98%          1%          2
 Conjure Flame            Conj/Fire      99%          1%          3
 Dazzling Flash           Conj/Hex       100%         1%          3
 Inner Flame              Hex/Fire       47%          1%          3
 Airstrike                Air            30%          1%          4
 Fulminant Prism          Conj/Hex       41%          1%          4
 Sticky Flame             Conj/Fire      99%          1%          4
 Portal Projectile        Hex/Tloc       42%          4%          3
 Teleport Other           Tloc           21%          4%          3
 Orb of Destruction       Conj           56%          1%          7
 Spellforged Servitor     Conj/Summ      41%          10%         7
 Eringya's Noxious Bog    Tmut/Pois      13%          32%         6
 Disjunction              Tloc           10%          100%        8


Dungeon Overview and Level Annotations

Branches:
Dungeon (15/15)            Temple (1/1) D:5            Lair (6/6) D:11
  Swamp (0/4) Lair:3       Spider (0/4) Lair:3        Slime (0/5) Lair:5
    Orc (0/2) D:11          Sewer (visited)         Volcano (visited)
Gauntlet (visited)
 Vaults: D:13-14     Depths: D:15

Altars:
Ashenzari
Cheibriados
Dithmenos
Elyvilon
Fedhas
Gozag
Hepliaklqana
Kikubaaqudgha
Makhleb
Nemelex Xobeh
Qazlal
Ru
Sif Muna
Trog
Uskayaw
Vehumet
Wu Jian
Xom
Yredelemnul
Zin
The Shining One
Jiyva
Lugonu

Shops:
D:13 [   D:15 *

Portals:
Abyss: Lair:2
Trove: D:13 (show abyssal rune of Zot)

Annotations:
D:5 exclusion: two-headed ogre
D:13 Elacviph's ghost, journeyman GrBe


Message History

You kill the yak!
Vehumet accepts your kill.
You feel your power returning.
Aiming: Iron Shot (dangerous; 1% risk of failure)
Press: ? - help, Q - select action, (/) - cycle Shift-Dir - straight line, f/p - Elacviph's ghost
Aim: Elacviph's ghost, wielding a weapon of flaming (freezing vapour, 19% to evade)
You feel a surge of power!
The iron shot hits Elacviph's ghost!!!
Elacviph's ghost is heavily damaged.
The minotaur is engulfed in freezing vapours.
Aiming: Iron Shot (dangerous; 1% risk of failure)
Press: ? - help, Q - select action, (/) - cycle Shift-Dir - straight line, f/p - Elacviph's ghost
Aim: Elacviph's ghost, wielding a weapon of flaming (freezing vapour, heavily damaged, 19% to evade)
You feel a surge of power!
The iron shot hits Elacviph's ghost!!!
Elacviph's ghost is almost destroyed.
Elacviph's ghost hits you!!
* * * LOW HITPOINT WARNING * * *
Elacviph's ghost burns you.
* * * LOW HITPOINT WARNING * * *
The minotaur hits you from afar with a +1 scythe of venom!
You die...

..#......##...####..# #.#
=.#).....##.........# #.#
#.#..##..##..######.# #.#
#.#..##..##..# #.# #.#
#.#..##..##..# #.#####.#
'F#..##..##..# ###.......#
')...##..F[..# #.........#
'....##..##.§####.#.......#
#.#..##..##.F§HW@.........#
#.....F..##..§§§§≈≈≈......#
#........##..#.○...≈......#
........[##....≈.∩.≈......#
..(......##....≈...≈......#
..[......##....≈≈≈≈≈......#
....[....##...............#
....[....##......!........#
..)...[..##...........>...#


You could see a minotaur, a bullfrog (slow) and Elacviph's ghost.

Vanquished Creatures
  Jorgrun (D:13)
  Gastronok (Lair:2)
  The ghost of Adireryl the Fighter, a journeyman HOFi of Beogh (Lair:5)
  A minotaur (Gauntlet)
  2 dire elephants
  Erolcha (D:13)
  2 boulder beetles
  9 hydras
  2 catoblepae (Lair:6)
  Erica (Lair:1)
  A centaur warrior (D:13)
  4 two-headed ogres
  8 death yaks
  Urug (D:13)
  A hell knight (Volcano)
  Nergalle (Lair:2)
  2 unseen horrors
  2 bog bodies (Lair:3)
  Pikel (D:6)
  A deep elf mage (D:15)
  2 cyclopes (D:12)
  2 ugly things
  4 oklob plants (Lair:5)
  2 manticores (Lair:6)
  5 black mambas
  2 torpor snails (Lair:3)
  6 elephants
  20 cane toads
  A gargoyle (D:11)
  A smoke demon (Volcano)
  3 rime drakes
  Maggie (D:8)
  A yaktaur (D:13)
  2 trolls
  12 komodo dragons
  2 red devils (Volcano)
  A polar bear (shapeshifter) (D:15)
  3 jumping spiders (Lair:3)
  3 polar bears
  A tyrant leech (Gauntlet)
  Prince Ribbit (D:7)
  6 dream sheep
  Grinder (D:3)
  19 blink frogs
  Sigmund (D:5)
  A vampire (D:11)
  4 redbacks (Lair:3)
  3 wyverns
  4 basilisks
  34 yaks
  A steam dragon (Lair:3)
  A vampire mosquito (D:13)
  2 soldier ants (D:12)
  3 swamp worms (Gauntlet)
  2 acid dragons
  Duvessa (D:5)
  17 water moccasins
  3 hell hounds
  8 sky beasts
  3 ice beasts
  7 orc warriors
  5 phantoms
  5 black bears
  An eye of draining (D:10)
  11 ogres
  3 centaurs
  4 lemures (D:6)
  3 big kobolds
  15 bullfrogs
  Dowan (D:5)
  7 scorpions
  4 killer bees (D:12)
  3 electric eels
  2 howler monkeys
  3 jellies
  A bullfrog zombie (D:10)
  3 quasits
  3 bullfrog skeletons
  4 hounds
  Crazy Yiuf (D:5)
  6 centaur skeletons
  12 orc priests
  14 orc wizards
  11 iguanas
  19 worker ants
  5 hell rats (Lair:6)
  A killer bee zombie (D:7)
  2 hound zombies
  3 hound skeletons
  8 gnolls
  A howler monkey skeleton (D:8)
  12 adders
  A shadow imp (D:10)
  A white imp (D:10)
  3 ufetubi
  3 oozes
  2 adder zombies
  An adder skeleton (D:8)
  2 worms
  A dart slug (D:1)
  5 leopard geckos
  49 orcs
  17 giant cockroaches
  5 goblins (D:3)
  7 hobgoblins
  17 jackals
  4 quokkas
  6 ball pythons
  8 bats
  5 frilled lizards
  25 kobolds
  A quokka skeleton (D:9)
  7 rats
  A bush (Lair:5)
583 creatures vanquished.

Vanquished Creatures (others)
  217 foxfires
  38 fungi
  2 lurking horrors (Lair:2)
  57 plants
314 creatures vanquished.

Grand Total: 897 creatures vanquished

Notes
Turn   | Place    | Note
-------+----------+-------------------------------------------
     0 | D:1      | Amaterasu the Deep Elf Conjurer began the quest for the
                  | Orb.
     0 | D:1      | Reached XP level 1. HP: 10/10 MP: 6/6
   162 | D:1      | Reached XP level 2. HP: 15/15 MP: 6/8
   191 | D:1      | Learned a level 2 spell: Searing Ray
   323 | D:1      | Reached skill level 5 in Conjurations
   987 | D:2      | Found an ornate altar of the Wu Jian Council.
   987 | D:2      | Found a bloodstained altar of Trog.
  1048 | D:2      | Reached XP level 3. HP: 19/19 MP: 5/9
  1142 | D:2      | Found a stormy altar of Qazlal.
  1260 | D:2      | Found a hazy altar of Hepliaklqana.
  1524 | D:3      | Learned a level 3 spell: Dazzling Flash
  1617 | D:3      | Reached XP level 4. HP: 24/24 MP: 7/11
  1698 | D:3      | Reached skill level 6 in Conjurations
  1714 | D:3      | Learned a level 4 spell: Iskenderun's Mystic Blast
  2210 | D:3      | Reached XP level 5. HP: 15/28 MP: 6/13
  2651 | D:3      | Noticed Grinder
  2661 | D:3      | Killed Grinder
  2662 | D:3      | Reached skill level 1 in Fighting
  2662 | D:3      | Reached skill level 1 in Armour
  2662 | D:3      | Reached skill level 5 in Spellcasting
  2662 | D:3      | Reached skill level 7 in Conjurations
  2662 | D:3      | Reached XP level 6. HP: 27/34 MP: 4/15
  2750 | D:3      | Found an ancient bone altar of Kikubaaqudgha.
  3053 | D:4      | Reached XP level 7. HP: 38/38 MP: 5/17
  3093 | D:4      | Found a glowing drain.
  3106 | Sewer    | Entered a sewer
  4185 | D:4      | Found a broken altar of Ashenzari.
  4190 | D:4      | Found a hide-covered altar of Uskayaw.
  4211 | D:4      | Found an opulent altar of Gozag.
  4329 | D:4      | Found a basalt altar of Yredelemnul.
  4636 | D:5      | Entered Level 5 of the Dungeon
  4642 | D:5      | Noticed Duvessa
  4654 | D:5      | Killed Duvessa
  4655 | D:5      | Reached skill level 8 in Conjurations
  4682 | D:5      | Noticed Dowan
  4685 | D:5      | Killed Dowan
  4856 | D:5      | Reached XP level 8. HP: 43/44 MP: 12/20
  5005 | D:5      | Found a runed translucent door.
  5006 | D:5      | Noticed Crazy Yiuf
  5011 | D:5      | Killed Crazy Yiuf
  5153 | D:5      | Noticed a two-headed ogre
  5232 | D:5      | Reached skill level 9 in Conjurations
  5283 | D:5      | Noticed Sigmund
  5292 | D:5      | Killed Sigmund
  5389 | D:5      | Found a staircase to the Ecumenical Temple.
  5413 | Temple   | Entered the Ecumenical Temple
  5573 | Temple   | Became a worshipper of Vehumet
  6032 | D:5      | Found a broken altar of Ashenzari.
  6107 | D:5      | Killed a two-headed ogre
  6108 | D:5      | Reached skill level 10 in Conjurations
  6108 | D:5      | Reached XP level 9. HP: 51/51 MP: 9/23
  6220 | D:6      | Noticed a two-headed ogre
  6647 | D:6      | Noticed Pikel
  6653 | D:6      | Killed Pikel
  6763 | D:6      | Killed a two-headed ogre
  6764 | D:6      | Reached skill level 10 in Spellcasting
  6764 | D:6      | Reached skill level 11 in Conjurations
  7027 | D:6      | Reached skill level 5 in Dodging
  7048 | D:6      | Reached XP level 10. HP: 56/56 MP: 13/26
  7437 | D:7      | Reached * piety under Vehumet
  7437 | D:7      | Offered knowledge of Sandblast by Vehumet.
  7614 | D:7      | Found a white marble altar of Elyvilon.
  7650 | D:7      | Reached skill level 12 in Conjurations
  7914 | D:7      | Reached skill level 1 in Evocations
  8016 | D:7      | Reached ** piety under Vehumet
  8016 | D:7      | Offered knowledge of Foxfire by Vehumet.
  8017 | D:7      | Reached skill level 1 in Staves
  8352 | D:7      | Got a tattered robe
  8353 | D:7      | Identified the cursed +0 robe "Umeusa" {-Cast +Blink
                  | Stlth+} (You found it on level 7 of the Dungeon)
  8486 | D:7      | Noticed Prince Ribbit
  8494 | D:7      | Killed Prince Ribbit
  9037 | D:8      | Noticed a two-headed ogre
  9041 | D:8      | Killed a two-headed ogre
  9042 | D:8      | Reached skill level 13 in Conjurations
  9250 | D:8      | Noticed Maggie
  9264 | D:8      | Killed Maggie
  9522 | D:9      | Learned a level 1 spell: Foxfire
  9651 | D:9      | Offered knowledge of Mephitic Cloud by Vehumet.
  9666 | D:9      | Learned a level 3 spell: Mephitic Cloud
 10090 | D:9      | Reached XP level 11. HP: 62/62 MP: 19/27
 10424 | D:9      | Reached *** piety under Vehumet
 10648 | D:10     | Entered Level 10 of the Dungeon
 10694 | D:10     | Killed an unseen horror
 10695 | D:10     | Reached skill level 1 in Air Magic
 10695 | D:10     | Reached skill level 1 in Poison Magic
 10926 | D:10     | Reached skill level 14 in Conjurations
 11011 | D:10     | Offered knowledge of Airstrike by Vehumet.
 11022 | D:10     | Learned a level 4 spell: Airstrike
 11103 | D:10     | Found a blossoming altar of Fedhas.
 11333 | D:10     | Found a runed translucent door.
 11334 | D:10     | Found a runed translucent door.
 11480 | D:10     | Reached **** piety under Vehumet
 11654 | D:10     | Identified Sif Muna's Almanac of Blistering Toxins
 11662 | D:10     | Learned a level 5 spell: Bolt of Magma
 12087 | D:11     | Reached skill level 5 in Fighting
 12106 | D:11     | Noticed a two-headed ogre
 12110 | D:11     | Killed a two-headed ogre
 12111 | D:11     | Reached skill level 1 in Fire Magic
 12111 | D:11     | Reached skill level 1 in Earth Magic
 12463 | D:11     | Found a staircase to the Lair.
 12713 | D:11     | Offered knowledge of Hailstorm by Vehumet.
 12996 | D:11     | Identified the +9 triple crossbow of the Shallot {flame,
                  | Str-5 Dex+6}
 13187 | D:11     | Killed an unseen horror
 13760 | D:11     | Noticed a boulder beetle
 14052 | D:11     | Killed a boulder beetle
 14053 | D:11     | Reached skill level 5 in Evocations
 14212 | D:11     | Found a staircase to the Orcish Mines.
 14364 | Lair:1   | Entered Level 1 of the Lair of Beasts
 14709 | Lair:1   | Reached XP level 12. HP: 69/69 MP: 24/28
 14917 | Lair:1   | You fall into a shaft and drop 1 floor!
 14921 | Lair:2   | Noticed Nergalle
 14926 | Lair:2   | Reached ***** piety under Vehumet
 14933 | Lair:2   | Killed Nergalle
 14944 | Lair:2   | Offered knowledge of Yara's Violent Unravelling by Vehumet.
 14997 | Lair:2   | Found a gate leading to a gauntlet.
 15015 | Gauntlet | Entered a Gauntlet
 15015 | Gauntlet | Found a transporter.
 15026 | Gauntlet | Noticed a hell hog
 15026 | Gauntlet | Noticed a green death
 15027 | Gauntlet | Found a transporter.
 15032 | Gauntlet | Found a transporter.
 15033 | Gauntlet | Found a transporter.
 15033 | Gauntlet | Found a transporter.
 15034 | Gauntlet | Found a transporter.
 15041 | Gauntlet | Found a runed translucent door.
 15043 | Gauntlet | Found a transporter.
 15043 | Gauntlet | Noticed a catoblepas
 15044 | Gauntlet | Found a transporter.
 15084 | Gauntlet | Found a transporter.
 15108 | Gauntlet | Found a transporter.
 15110 | Gauntlet | Found a transporter.
 15114 | Gauntlet | Noticed a dire elephant
 15122 | Gauntlet | Found a transporter.
 15250 | Gauntlet | Killed a dire elephant
 15259 | Gauntlet | Got a pair of encrusted boots
 15272 | Gauntlet | Identified the +0 pair of boots of Xicwefuf {rF++ rC-
                  | Str+2} (You found it in a Gauntlet)
 15488 | Gauntlet | Noticed a minotaur
 15494 | Gauntlet | Killed a minotaur
 15555 | Lair:2   | Reached skill level 5 in Fire Magic
 15694 | Lair:1   | Reached skill level 5 in Air Magic
 15788 | Lair:1   | Noticed a five-headed hydra
 15791 | Lair:1   | Killed a five-headed hydra
 16017 | Lair:1   | Noticed Erica
 16020 | Lair:1   | Killed Erica
 16021 | Lair:1   | Reached skill level 5 in Earth Magic
 16241 | Lair:2   | Found a corrupted altar of Lugonu.
 16246 | Lair:2   | Found a one-way gate to the infinite horrors of the Abyss.
 16309 | Lair:2   | Noticed Gastronok
 16319 | Lair:2   | Killed Gastronok
 16328 | Lair:2   | Learned a level 5 spell: Fireball
 16338 | Lair:2   | Learned a level 6 spell: Freezing Cloud
 16690 | Lair:2   | Reached skill level 15 in Conjurations
 16744 | Lair:2   | Reached skill level 1 in Ice Magic
 16749 | Lair:2   | Reached XP level 13. HP: 75/75 MP: 13/31
 17655 | Lair:3   | Found a staircase to the Swamp.
 17957 | Lair:3   | Found a dark tunnel.
 17962 | Volcano  | Entered a volcano
 18738 | Lair:3   | Found a hole to the Spider Nest.
 19692 | Lair:4   | Learned a level 5 spell: Iskenderun's Battlesphere
 21098 | Lair:5   | Found a staircase to the Slime Pits.
 21099 | Lair:5   | Found a viscous altar of Jiyva.
 21301 | Lair:5   | Learned a level 6 spell: Iron Shot
 21517 | Lair:5   | Found a runed translucent gate.
 21518 | Lair:5   | Noticed Adireryl's ghost (journeyman HOFi)
 21520 | Lair:5   | Found a runed translucent gate.
 21520 | Lair:5   | Found a runed translucent gate.
 21542 | Lair:5   | Killed Adireryl's ghost
 21543 | Lair:5   | Reached skill level 16 in Conjurations
 21543 | Lair:5   | Reached XP level 14. HP: 74/82 MP: 19/34
 21980 | Lair:5   | Identified the Tome of Orientation
 22286 | Lair:6   | Entered Level 6 of the Lair of Beasts
 22673 | Lair:6   | Offered knowledge of Lightning Bolt by Vehumet.
 24202 | Lair:6   | Reached skill level 5 in Ice Magic
 24370 | Lair:6   | Reached skill level 17 in Conjurations
 25119 | D:12     | You fall into a shaft and drop 1 floor!
 25119 | D:13     | Found a runed translucent gate.
 25119 | D:13     | Found a runed translucent gate.
 25119 | D:13     | Noticed Erolcha
 25121 | D:13     | Killed Erolcha
 25234 | D:13     | Found a runed translucent gate.
 25244 | D:13     | Noticed Jorgrun
 25249 | D:13     | Killed Jorgrun
 25250 | D:13     | Found a portal to a secret trove of treasure.
 25424 | D:13     | Found Zofopevo's Antique Armour Shop.
 25619 | D:12     | Found a shimmering altar of Xom.
 25622 | D:12     | Reached XP level 15. HP: 88/88 MP: 30/35
 25824 | D:12     | You fall into a shaft and drop 3 floors!
 25824 | D:15     | Entered Level 15 of the Dungeon
 25824 | D:15     | Found Riubbe's General Store.
 25877 | D:13     | Noticed Urug
 25880 | D:13     | Killed Urug
 26285 | D:13     | Noticed Elacviph's ghost (journeyman GrBe)
 26700 | D:13     | Slain by a minotaur

Illustrated notes

Levels and vault maps discovered:
D:1:      evilmike_arrival_hilbert_curve, layout_basic
D:2:      layout_rooms, nicolae_overflow_crystal_walls,
          grunt_temple_overflow_open, old_standard_altar
D:3:      minmay_bubble_buster, layout_loops_ring, kiku_gazebo_pond_becter,
          minmay_checkerbox, uniq_grinder
D:4:      layout_rooms, kennysheep_mini, nicolae_overflow_hidden_temple,
          old_standard_altar, gup_sewer_entry_pipe
D:5:      layout_loops_cross, temple_pool_b, kennysheep_flooded_box,
          grunt_ministairs_6, serial_bayou_lake_a, uniq_sigmund,
          uniq_crazy_yiuf_cottage, uniq_duvessa
D:6:      layout_rooms, uniq_pikel
D:7:      layout_loops_cross, elyvilon_altar_1, uniq_prince_ribbit1
D:8:      layout_loops_ring, uniq_maggie
D:9:      layout_irregular_city
D:10:     lemuel_insect_pit, layout_stronghold, serial_glass, glass_columns_b,
          glass_columns_c, fedhas_altar_3
D:11:     layout_grid_maze, lair_entry_dummy, orc_0_dummy,
          hangedman_corner_corridor
D:12:     layout_basic, basic_altar
D:13:     layout_long_grid, serial_shops, shop, nicolae_trove_entry_isolated,
          maelrawn_ghost_gauntlet_escape, uniq_jorgrun, uniq_erolcha, uniq_urug
D:14:     layout_long_grid, david_vaults_5, patterned_corridor,
          statue_in_the_mist_lemuel, minmay_splitting_lines,
          chequers_mini_garden, uniq_rupert
D:15:     grunt_enter_depths_giant_problem, layout_cave_pods, zin_angel,
          serial_shops, shop, eino_tiny_chamber, serial_bayou_pond_b,
          minivault_25_ag, guppyfry_shop_venom
Temple:   nicolae_temple_figure_eight
Lair:1:   layout_roguey, grunt_megastairs_1, uniq_erica
Lair:2:   beast_lair_carwin_large_3, layout_hall_layers, gauntlet_entry_generic,
          amcnicky_altar_lugonu_corruption, uniq_nergalle, uniq_gastronok
Lair:3:   layout_cave_pods, skrybe_swamp_entry_bodies,
          nicolae_spider_entry_tight_spaces, enter_volcano_3, minivault_11,
          minivault_23, chequers_serial_rivers_marsh
Lair:4:   layout_gridlike
Lair:5:   layout_loops_ring, slime_altar_1, gammafunk_ghost_hydra_chop,
          minmay_lair_oklob_chamber
Lair:6:   hangedman_lair_in_review, layout_gridlike, infiniplex_staircase_pool

Skill      XL: |  1  2  3  4  5  6  7  8  9 10 11 12 13 14 15 |
---------------+----------------------------------------------+-----
Conjurations   | 5 6 7 8 10 11 13 14 15 16 17 | 17.2
Spellcasting   | 4 5 7 8 10 12 14 | 14.4
Fighting       | 1 2 3 4 5 6 7 |  7.8
Armour         | 1 2 3 |  3.0
Dodging        | 4 5 6 7 |  7.0
Evocations     | 2 5 |  5.0
Staves         | 2 3 |  3.0
Air Magic      | 4 5 6 7 |  7.2
Poison Magic   | 2 |  2.0
Fire Magic     | 3 6 7 8 |  8.4
Earth Magic    | 3 5 7 |  7.7
Ice Magic      | 1 3 5 |  5.5
Stealth        | |  2.4

Action                   |  1- 3 |  4- 6 |  7- 9 | 10-12 | 13-15 || total
-------------------------+-------+-------+-------+-------+-------++-------
Melee: Short sword       |       |     1 |       |       |       ||     1
       Staff             |       |     4 |    14 |    10 |    19 ||    47
 Cast: Magic Dart        |    59 |    69 |   144 |   123 |     9 ||   404
       Searing Ray       |     2 |     8 |    38 |   146 |    69 ||   263
       Iskenderun's Myst |       |       |     7 |    30 |    25 ||    62
       Dazzling Flash    |       |       |     3 |     6 |     1 ||    10
       Foxfire           |       |       |       |   120 |     8 ||   128
       Bolt of Magma     |       |       |       |    31 |     2 ||    33
       Mephitic Cloud    |       |       |       |    10 |     6 ||    16
       Fireball          |       |       |       |     7 |    69 ||    76
       Iskenderun's Batt |       |       |       |       |    10 ||    10
       Freezing Cloud    |       |       |       |       |    19 ||    19
       Iron Shot         |       |       |       |       |    92 ||    92
Evoke: Wand              |       |       |       |     1 |     4 ||     5
  Use: Scroll            |     5 |     1 |     3 |    19 |    14 ||    42
       Potion            |       |       |       |     1 |     3 ||     4
 Stab: Sleeping          |       |     1 |       |       |       ||     1
Armor: Leather armour    |       |    10 |    11 |     6 |       ||    27
       Steam dragon scal |       |       |       |    16 |       ||    16
       Troll leather arm |       |       |       |     1 |    20 ||    21
       Skin              |       |       |       |     1 |       ||     1
Dodge: Dodged            |       |    23 |    45 |    99 |    63 ||   230
